 Dungeon Crawl Stone Soup version 0.30.0-10-gfe55d96785 (webtiles) character file.

Game seed: 588683176327981332

417 greasedhog the Poker (level 7, -17/56 HPs)
             Began as a Formicid Fighter on May 13, 2023.
             Demolished by an ogre
             ... wielding a +0 giant club
              (25 damage)
             ... on level 6 of the Dungeon.
             The game lasted 00:03:48 (2477 turns).

greasedhog the Poker (Formicid Fighter)             Turns: 2477, Time: 00:03:49

Health: -17/56     AC: 12    Str: 22    XL:     7   Next: 15%
Magic:  7/7        EV:  6    Int:  8    God:
Gold:   203        SH:  5    Dex: 13    Spells: 6/6 levels left

rFire   . . .        a - +0 trident
rCold   . . .        c - +0 buckler
rNeg    . . .        r - +0 plate armour
rPois   .            (helmet unavailable)
rElec   .            (no cloak)
rCorr   +            (no gloves)
SInv    +            f - +0 pair of boots
Will    .....        (no amulet) Stlth
                     o - ring of resist corrosion
HPRegen 0.29/turn    (no ring)
MPRegen 0.10/turn

%: no passive effects
@: no status effects
A: permanent stasis, dig shafts and tunnels, antennae 3, four strong arms
a: Dig, Shaft Self


You were on level 6 of the Dungeon.
You visited 1 branch of the dungeon, and saw 7 of its levels.

You collected 203 gold pieces.

Inventory:

Hand Weapons
 a - a +0 trident (weapon)
Armour
 c - a +0 buckler (worn)
 f - a +0 pair of boots (worn)
 r - a +0 plate armour (worn)
Jewellery
 o - a ring of resist corrosion (left hand)
 p - a ring of fire
Wands
 s - a wand of acid (8)
Scrolls
 b - a scroll of enchant weapon {unknown}
 g - 2 scrolls of amnesia
 i - a scroll of immolation
 j - a scroll of poison {unknown}
 k - a scroll of fog {unknown}
 l - a scroll of summoning {unknown}
 t - a scroll of magic mapping {unknown}
 u - a scroll of identify
Potions
 d - a potion of might
 e - 5 potions of curing
 h - a potion of heal wounds {unknown}
 m - a potion of brilliance {unknown}
 n - a potion of resistance {unknown}
 q - 2 potions of ambrosia {unknown}
 v - a potion of attraction {unknown}


   Skills:
 + Level 5.4 Fighting
 * Level 5.9 Polearms
 - Level 3.2 Armour
 - Level 4.0 Shields


You had 6 spell levels left.
You didn't know any spells.
Your spell library contained the following spells:

 Spells                   Type           Power      Damage    Failure   Level
 Tukima's Dance           Hex            0%         N/A       100%        3
 Passage of Golubria      Tloc           0%         N/A       100%        4
 Yara's Violent Unravell  Hex/Tmut       0%         3d3       100%        5


Dungeon Overview and Level Annotations

Branches:
Dungeon (7/15)
 Temple: D:4-7

Altars:
Dithmenos
Elyvilon
Sif Muna
Vehumet
Xom
Yredelemnul
The Shining One

Annotations:
D:5 Grinder


Innate Abilities, Weirdness & Mutations

You cannot be hasted, slowed, berserked, paralysed or teleported.
You can dig through walls and to a lower floor.
You have a pair of large antennae on your head. (SInv)
Your four strong arms can wield two-handed weapons with a shield.


Message History

The hound is heavily wounded.
The hound bites you.
You puncture the hound!
You kill the hound!
You start resting.
HP restored.
You climb upwards.
Level annotation: Grinder The adder bites you but does no damage.
The ogre hits you with a +0 giant club! You block the adder's attack.
There is a stone staircase leading down, spattered with blood here.
You block the adder's attack.
The ogre hits you with a +0 giant club!!
You climb downwards.
There is a stone staircase leading up here.
The adder bites you but does no damage. You block the adder's attack.
The adder attacks as you move away! The adder barely misses you.
Aiming: Corrosive Bolt
Press: ? - help, Shift-Dir - straight line, f - adder
Aim: an adder (53% to hit)
The bolt of acid hits the ogre!
The acid corrodes the ogre!
The ogre is moderately wounded.
The bolt of acid hits the adder!
You kill the adder!
The ogre hits you with a +0 giant club!
* * * LOW HITPOINT WARNING * * *
You completely miss the ogre.
The ogre is moderately wounded.
You block the ogre's attack.
Unknown command.
You hit the ogre.
The ogre is heavily wounded.
You puncture the ogre!
The ogre is almost dead.
The ogre hits you with a +0 giant club.
* * * LOW HITPOINT WARNING * * *
You hit the ogre.
The ogre is almost dead.
The ogre hits you with a +0 giant club!!
You die...

#....#...........
#....#........... {
..................
########.######... ...
#)#.......# #.#
#.#.####.#. {{{#.#
#.#....#.#.
{#.#.####.####.#.+.
{#@#...........#...
#######O#############.##
.......†..............#
....#..<.............##
.. +................#
##+########.....##
####### {


You could see an ogre (corroded).

Vanquished Creatures
  A howler monkey (D:6)
  A jelly (D:4)
  An orc priest (D:3)
  5 hounds
  A gnoll (D:6)
  9 adders
  A shadow imp (D:6)
  An ufetubus (D:5)
  A worm (D:3)
  3 dart slugs
  4 orcs
  7 bats
  4 endoplasms
  A giant cockroach (D:3)
  6 hobgoblins
  4 jackals (D:2)
  3 kobolds
  A quokka (D:1)
  A ball python (D:1)
  A frilled lizard (D:1)
  3 goblins
  7 rats
66 creatures vanquished.

Notes
Turn   | Place    | Note
-------+----------+-------------------------------------------
     0 | D:1      | greasedhog the Formicid Fighter began the quest for the
                  | Orb.
     0 | D:1      | Reached XP level 1. HP: 18/18 MP: 1/1
    53 | D:1      | Reached XP level 2. HP: 22/24 MP: 2/2
   229 | D:1      | Reached XP level 3. HP: 30/30 MP: 3/3
   553 | D:2      | Reached XP level 4. HP: 37/37 MP: 4/4
  1315 | D:3      | Reached XP level 5. HP: 42/42 MP: 5/5
  1597 | D:3      | Found a shimmering altar of Xom.
  1600 | D:3      | Found a basalt altar of Yredelemnul.
  1607 | D:3      | Found a radiant altar of Vehumet.
  1611 | D:3      | Found a glowing golden altar of the Shining One.
  1616 | D:3      | Found a shimmering blue altar of Sif Muna.
  1620 | D:3      | Found a shadowy altar of Dithmenos.
  1727 | D:3      | Found a white marble altar of Elyvilon.
  2085 | D:4      | Reached XP level 6. HP: 49/49 MP: 6/6
  2096 | D:4      | You fall into a shaft and drop 3 floors!
  2237 | D:7      | Reached skill level 5 in Polearms
  2327 | D:6      | Reached skill level 5 in Fighting
  2364 | D:6      | Reached XP level 7. HP: 43/56 MP: 7/7
  2447 | D:5      | Entered Level 5 of the Dungeon
  2454 | D:5      | Noticed Grinder
  2477 | D:6      | Demolished by an ogre

Illustrated notes

Levels and vault maps discovered:
D:1:      scummos_arrival_star, layout_basic
D:2:      layout_basic, minmay_tromino_v7
D:3:      layout_basic, marbit_many_paths, nicolae_overflow_hallway_of_the_gods,
          ebering_dispersal_statue_hall
D:4:      layout_basic, minmay_fractal_squares_diagonal_5
D:5:      layout_loops_ring, kennysheep_mini_moat,
          minmay_temple_entry_sparse_star, uniq_grinder, uniq_prince_ribbit1,
          uniq_duvessa
D:6:      lemuel_castle_with_subvaults [lemuel_castle_interior_carwin_2],
          layout_gridville, grunt_qazlal_clouds, roderic_lattice_a
D:7:      layout_basic, lemuel_round_altar, nicolae_zen_rock_garden,
          feat_on_display, uniq_menkaure

Skill      XL: |  1  2  3  4  5  6 |
---------------+-------------------+-----
Polearms       | 3 4 5 |  5.9
Fighting       | 4 5 |  5.4
Armour         | |  3.2
Shields        | |  4.0

Action                     |  1- 3 |  4- 6 |  7- 9 || total
---------------------------+-------+-------+-------++-------
  Melee: Trident           |    70 |   150 |    10 ||   230
Ability: Shaft Self        |       |     1 |       ||     1
  Evoke: Wand              |       |       |     1 ||     1
    Use: Scroll            |       |     4 |       ||     4
 Armour: Scale mail        |    26 |    23 |       ||    49
         Plate armour      |       |    71 |     6 ||    77
  Dodge: Dodged            |    36 |    48 |     6 ||    90
  Block: Buckler           |    13 |    30 |     5 ||    48
